 Dungeon Crawl Stone Soup version 0.27.0-1-g7a089689b8 (webtiles) character file.

Game seed: 8484107416751739958

29 Alakanar the Ruffian (level 3, 0/28 HPs)
             Began as a Draconian Transmuter on Aug 4, 2021.
             Killed by nerve-wracking pain
             ... invoked by Jessica
              (12 damage)
             ... on level 2 of the Dungeon.
             The game lasted 00:18:52 (1593 turns).

Alakanar the Ruffian (Draconian Transmuter)         Turns: 1593, Time: 00:18:52

Health: 0/28       AC:  5    Str: 12    XL:     3   Next: 1%
Magic:  6/6        EV: 12    Int: 14    God:
Gold:   57         SH:  0    Dex: 11    Spells: 5/6 levels left

rFire    . . .     SeeInvis .     - Unarmed
rCold    . . .     Faith    .   (no shield)
rNeg     . . .     Spirit   .   (armour unavailable)
rPois    .         Reflect  .   (helmet restricted)
rElec    .         Harm     .   (no cloak)
rCorr    .         Rampage  .   (no gloves)
Will     .....                  (no boots)
Stlth    +.........             (no amulet)
HPRegen  0.09/turn              (no ring)
MPRegen  0.10/turn              (no ring)

@: no status effects
A: AC +5, unfitting armour, cold-blooded
a: no special abilities


You were on level 2 of the Dungeon.
You visited 1 branch of the dungeon, and saw 2 of its levels.

You collected 57 gold pieces.

Inventory:

Hand Weapons
 a - a +0 hunting sling
 b - a +0 dagger
 d - a +0 dagger
 j - a +0 dagger
Missiles
 h - 36 arrows
Armour
 f - a +0 helmet
 i - a +0 leather armour
Scrolls
 g - a scroll of fog {unknown}
 m - a scroll of brand weapon {unknown}
 n - a scroll of identify {unknown}
Potions
 c - 3 potions of curing {unknown}
 e - a potion of flight {unknown}
 k - a potion of invisibility {unknown}
 l - a potion of might {unknown}


   Skills:
 + Level 1.1 Fighting
 - Level 1.7 Dodging
 + Level 3.8 Unarmed Combat
 + Level 2.2 Spellcasting
 * Level 2.3 Transmutations


You had 5 spell levels left.
You knew the following spells:

 Your Spells              Type           Power      Damage    Failure   Level
a - Beastly Appendage     Tmut           16%        N/A       9%          1

Your spell library contained the following spells:

 Spells                   Type           Power      Damage    Failure   Level
 Wereblood                Tmut           8%         N/A       14%         2
 Spider Form              Tmut/Pois      2%         N/A       41%         3
 Ice Form                 Ice/Tmut       4%         N/A       82%         4


Dungeon Overview and Level Annotations

Branches:
Dungeon (2/15)

Altars:

Annotations:
D:2 Jessica


Innate Abilities, Weirdness & Mutations

Your plain brown scales are hard. (AC +5)
You cannot fit into any form of body armour.
You are cold-blooded and may be slowed by cold attacks.


Message History

Casting: Beastly Appendage (safe; 9% risk of failure)
Confirm with . or Enter, or press ? or * to list all spells.
You miscast Beastly Appendage.
You are very lightly contaminated with residual magic.
Nothing appears to happen.
Jessica barely misses you.
Casting: Beastly Appendage (safe; 9% risk of failure)
Confirm with . or Enter, or press ? or * to list all spells.
You grow a pair of large bovine horns.
Your feet morph into talons.
Jessica hits you with a +0 club. Jessica barely misses you.
You barely miss Jessica. Jessica closely misses you.
You barely miss Jessica.
Jessica points at you and mumbles some strange words.
Pain shoots through your body! Jessica misses you.
You barely miss Jessica. Your headbutt misses Jessica.
You punch Jessica, but do no damage. Jessica hits you with a +0 club.
You barely miss Jessica. Your headbutt misses Jessica.
Jessica completely misses you. Jessica misses you.
You hit Jessica but do no damage.
Jessica mumbles something strange.
Jessica gestures wildly while chanting.
Jessica blinks!
Your transformation is almost over.
Your magical contamination has completely faded away.
Jessica casts a spell.
Jessica blinks!
There is an escape hatch in the floor here.
Your horns disappear.
Your talons disappear.
You hit Jessica but do no damage. Jessica barely misses you.
You closely miss Jessica. Jessica hits you but does no damage.
Jessica points at you and mumbles some strange words.
You barely resist. You barely miss Jessica.
Your tail-slap misses Jessica.
Jessica barely misses you.
You hit Jessica but do no damage. Jessica misses you.
Jessica hits you with a +0 club.
You hit Jessica.
Jessica is lightly wounded.
Jessica gestures at you while chanting. Pain shoots through your body!
You die...

#.# ... #.#
.. #.# . #.#
#.# #@# #.#
#.###########
#...@@......#
#....######.#
##(..# ####.#
##### #....#
###.####
#...#..
#.###.# #.#
#.# #.# #.#


You could see Jessica (fast).

Vanquished Creatures
  4 endoplasms
  2 giant cockroaches (D:1)
  3 goblins
  5 hobgoblins
  2 jackals (D:1)
  4 kobolds
  A ball python (D:1)
  A bat (D:1)
  2 rats
24 creatures vanquished.

Vanquished Creatures (others)
  2 plants (D:1)
2 creatures vanquished.

Grand Total: 26 creatures vanquished

Notes
Turn   | Place    | Note
-------+----------+-------------------------------------------
     0 | D:1      | Alakanar the Draconian Transmuter began the quest for the
                  | Orb.
     0 | D:1      | Reached XP level 1. HP: 16/16 MP: 3/3
   141 | D:1      | Reached XP level 2. HP: 15/23 MP: 5/5
   343 | D:1      | Found a faded altar of an unknown god.
  1518 | D:2      | Reached XP level 3. HP: 25/28 MP: 6/6
  1562 | D:2      | Noticed Jessica
  1593 | D:2      | Killed from afar by Jessica

Illustrated notes

Levels and vault maps discovered:
D:1:      lightli_arrival_windingriver, layout_basic,
          ebering_ecumenical_altar_sacrificial
D:2:      layout_basic, uniq_jessica

Action                   || total
-------------------------++-------
Melee: Unarmed           ||    92
       Tailslap          ||    13
       Kick              ||     7
       Headbutt          ||     2
       Punch             ||     1
 Cast: Beastly Appendage ||     8
Armor: Skin              ||    21
Dodge: Dodged            ||    48
